 Dungeon Crawl Stone Soup version 0.30-a0-354-g6b83867211 (webtiles) character file.

Game seed: 14031656527764579624

43739 Lanoc the Gelid (level 13, -18/126 HPs)
             Began as a Grey Draconian Ice Elementalist on Nov 7, 2022.
             Was the Champion of Jiyva.
             Demolished by an orc warlord
             ... wielding a +0 great mace
              (40 damage)
             ... on level 2 of the Orcish Mines.
             The game lasted 00:30:31 (12223 turns).

Lanoc the Gelid (Grey Draconian Ice Elementalist)  Turns: 12223, Time: 00:30:31

Health: -18/126    AC: 41    Str: 18      XL:     13   Next: 92%
Magic:  0/16       EV: 18    Int: 17 (18) God:    Jiyva [******]
Gold:   1204       SH:  0    Dex: 13      Spells: 5/16 levels left

rFire   x x .      SeeInvis +    E - +7 staff of the Meek {protect, meekguard}
rCold   + + .      Faith    .    (shield currently unavailable)
rNeg    . . .      Spirit   +    (body armour unavailable)
rPois   .          Reflect  .    (helmet restricted)
rElec   .          Harm     .    l - +2 cloak {Will+}
rCorr   +          Rampage  .    (no gloves)
Will    +....                    k - +0 pair of boots {Fly}
Stlth   +++.......               J - amulet "Itinuz" {Spirit rF- rC+ Slay+2}
HPRegen 2.01/turn                u - ring of see invisible
MPRegen 0.65/turn                C - ring of ice

@: ice-armoured, under a protective aura, freezing walls, flying
A: AC +13, amphibious, unfitting armour, cold-blooded, stinger 2, see invisible,
agile 1, mutation resistance 1, strong 2, acidic bite, pseudopods 3, translucent
skin 1, jelly absorbing missiles, MP-powered wands
a: Renounce Religion, Oozemancy, Slimify


You were on level 2 of the Orcish Mines.
You worshipped Jiyva.
Jiyva was exalted by your worship.
You visited 2 branches of the dungeon, and saw 16 of its levels.
You also visited: Bailey.

You collected 1508 gold pieces.
You spent 304 gold pieces at shops.

Inventory:

Hand Weapons
 h - the +1 war axe "Byteaw" {vorpal, rPois}
   (You found it on level 3 of the Dungeon)

   It inflicts extra damage upon your enemies.
   rPois:     It protects you from poison.
 m - a +5 quarterstaff of chaos
 E - the +7 staff of the Meek (weapon) {protect, meekguard}
   (You took it off an orc on level 11 of the Dungeon)

   It grants its wielder temporary protection when it strikes (+7 to AC).
   It provides extra protection to wielders with little health.
 M - the +7 great mace "Firestarter" {inner flame, rF++}
   (You found it on level 14 of the Dungeon)

   It burns those it strikes, dealing additional fire damage.
   It fills those it strikes with an explosive inner flame.
   It grants immunity to clouds of flame.
   rF:        It greatly protects you from fire.
Armour
 k - a +0 pair of boots of flying (worn)
 l - a +2 cloak of willpower (worn)
 N - a +1 buckler of protection
Magical Staves
 D - a staff of cold
Jewellery
 u - a ring of see invisible (left hand)
 C - a ring of ice (right hand)
 J - the amulet "Itinuz" (around neck) {Spirit rF- rC+ Slay+2}
   (You acquired it on level 14 of the Dungeon)

   [amulet of guardian spirit]

   It causes incoming damage to be divided between your reserves of health and
   magic.
   Slay:      It affects your accuracy & damage with ranged weapons and melee
   (+2).
   rF:        It makes you vulnerable to fire.
   rC:        It protects you from cold.
Wands
 n - a wand of flame (29)
 p - a wand of charming (19)
 t - a wand of digging (7)
 y - a wand of iceblast (4)
 L - a wand of acid (5)
Scrolls
 b - 2 scrolls of noise {unknown}
 c - 2 scrolls of fear
 d - 6 scrolls of teleportation
 v - a scroll of enchant armour
 A - 2 scrolls of amnesia {unknown}
 B - a scroll of summoning
 F - 2 scrolls of silence {unknown}
 G - a scroll of torment {unknown}
 I - 2 scrolls of immolation {unknown}
Potions
 a - a potion of magic
 g - 3 potions of flight
 i - 3 potions of brilliance
 j - 3 potions of ambrosia {unknown}
 o - 7 potions of curing
 q - 5 potions of mutation
 r - 3 potions of lignification
 s - 3 potions of might
 w - 3 potions of heal wounds {unknown}
 x - 4 potions of degeneration {unknown}
 z - a potion of attraction
 H - a potion of invisibility
 K - a potion of cancellation
 O - a potion of haste
Miscellaneous
 f - a lightning rod (4/4)


   Skills:
 + Level 15.0 Fighting
 + Level 13.0 Dodging
 - Level 1.7 Stealth
 - Level 2.0 Spellcasting
 - Level 15.1 Ice Magic


You had 5 spell levels left.
You knew the following spells:

 Your Spells              Type           Power      Damage    Failure   Level
a - Freeze                Ice            100%       1d10      1%          1
b - Frozen Ramparts       Ice            100%       1d16      1%          3
c - Ozocubu's Armour      Ice            68%        N/A       1%          3
d - Summon Ice Beast      Ice/Summ       41%        N/A       9%          4

Your spell library contained the following spells:

 Spells                   Type           Power      Damage    Failure   Level
 Apportation              Tloc           2%         N/A       19%         1
 Foxfire                  Conj/Fire      4%         2x1d4     19%         1
 Magic Dart               Conj           4%         1d3       19%         1
 Sandblast                Erth           2%         2d4       19%         1
 Shock                    Conj/Air       4%         1d3       19%         1
 Cigotuvi's Dreadful Rot  Necr/Pois/Air  2%         N/A       28%         2
 Poisonous Vapours        Pois/Air       2%         N/A       28%         2
 Searing Ray              Conj           2%         2d4       28%         2
 Call Canine Familiar     Summ           1%         N/A       50%         3
 Gell's Gravitas          Tloc           1%         N/A       50%         3
 Lesser Beckoning         Tloc           2%         N/A       50%         3
 Mephitic Cloud           Conj/Pois/Air  1%         N/A       50%         3
 Portal Projectile        Hex/Tloc       2%         N/A       50%         3
 Swiftness                Air            1%         N/A       50%         3
 Teleport Other           Tloc           1%         N/A       50%         3
 Freezing Cloud           Conj/Ice/Air   14%        6-21      56%         5
 Airstrike                Air            0%         2d(1-17)  88%         4
 Fulminant Prism          Conj/Hex       0%         3d5       88%         4
 Leda's Liquefaction      Hex/Erth       0%         N/A       88%         4
 Alistair's Intoxication  Tmut/Pois      0%         N/A       99%         5
 Fireball                 Conj/Fire      0%         3d3       99%         5
 Iskenderun's Battlesphe  Conj           1%         2d6       99%         5
 Simulacrum               Ice/Necr       20%        N/A       80%         6
 Conjure Ball Lightning   Conj/Air       0%         3x3d7     100%        6
 Dispersal                Tloc           0%         N/A       100%        6
 Iron Shot                Conj/Erth      0%         9d1       100%        6
 Starburst                Conj/Fire      0%         6d3       100%        6
 Orb of Destruction       Conj           0%         9d5       100%        7
 Lehudib's Crystal Spear  Conj/Erth      0%         10d2      100%        8
 Polar Vortex             Ice            34%        N/A       100%        9


Dungeon Overview and Level Annotations

Branches:
Dungeon (14/15)            Temple (0/1) D:4            Lair (0/5) D:10
    Orc (2/2) D:11            Elf (0/3) Orc:2        Vaults (0/5) D:14
 Bailey (visited)

Altars:
Ashenzari
Elyvilon
Hepliaklqana
Nemelex Xobeh
Sif Muna
Trog
Wu Jian
Xom
Yredelemnul
Zin
Jiyva

Shops:
D:9 ?   Orc:1 !

Annotations:
D:7 2 transporters, Lanoc's ghost, novice TrFi


Innate Abilities, Weirdness & Mutations

Your dull iron-grey scales are very hard. (AC +13)
You are amphibious.
You cannot fit into any form of body armour.
You are cold-blooded and may be slowed by cold attacks.
Your tail ends in a sharp venomous barb.
You have supernaturally acute eyesight. (SInv)
You are agile. (Dex +4, Str/Int -1)
You are somewhat resistant to further mutation.
Your muscles are very strong. (Str +8, Int/Dex -2)
You have acidic saliva.
Armour fits poorly on your massive pseudopods.
Your translucent skin slightly reduces your foes' accuracy. (Stealth+)
You have a small jelly attached to you that may absorb projectiles.
You expend magic power (3 MP) to strengthen your wands.


Message History

The wall freezes the orc warlord.
The orc warlord closely misses you.
You hit the orc warlord. You tail-slap the orc warlord.
Your bite misses the orc warlord.
The orc warlord is almost dead.
The wall freezes the orc knight but does no damage.
The orc knight hits you with a +0 dire flail!
* * * LOW HITPOINT WARNING * * *
The wall freezes the orc warlord.
The orc warlord hits you with a +0 great mace.
* * * LOW HITPOINT WARNING * * *
The wall freezes the orc knight but does no damage.
The orc knight barely misses you.
You hit the orc warlord.
Your tail-slap misses the orc warlord.
Your bite misses the orc warlord. Your bludgeon misses the orc warlord.
The orc warlord is almost dead.
The frozen ramparts melt away.
The orc knight no longer looks unusually strong.
The orc knight misses you.
You hear a distant slurping noise.
The orc warlord roars a battlecry!
The orc knight goes into a battle-frenzy!
The orc knight hits you but does no damage.
Casting: Frozen Ramparts (safe; 1% risk of failure)
Confirm with . or Enter, or press ? or * to list all spells.
Casting: Frozen Ramparts (safe; 1% risk of failure)
Press: ? - help, Dir - look around, f - activate You feel a surge of power!
The walls around you are covered in ice.
The wall freezes the orc knight.
The orc knight barely misses you.
The wall freezes the orc knight!
The orc knight closely misses you.
The wall freezes the orc warlord but does no damage.
The orc warlord hits you with a +0 great mace!!
* * * LOW HITPOINT WARNING * * *
You feel better.
The wall freezes the orc knight but does no damage.
The orc knight barely misses you.
The wall freezes the orc knight!
The orc knight closely misses you.
The wall freezes the orc warlord but does no damage.
The orc warlord hits you with a +0 great mace!!!
You die...

#....#......<...............
...................o........
#..#..#.....................
#...........................
#....##....................
#...#.........#.#...#....
#......#oJ###...#.......
##....>...J.#...###.#....
#.......o@o###.## #.##..
##.......#...#... ...
##.#.^........#... ..
#..................
##.................
##..#...#.......#...
##................ .
#..................
##..............


You could see an orc warlord (strong), 2 orc knights and 2 neutral jellies
(fellow slime).

Vanquished Creatures
  Fannar (D:10)
  The ghost of Lanoc the Martial Artist, a journeyman OpTm of Jiyva (D:12)
  A shambling mangrove (D:13)
  4 vault guards (D:14)
  4 hydras
  A catoblepas (D:13)
  A centaur warrior (D:14)
  A boulder beetle (D:13)
  4 two-headed ogres
  2 tengu warriors
  2 orc high priests
  4 skeletal warriors (D:14)
  A wizard (D:9)
  An orc knight (Orc:1)
  2 deep elf pyromancers
  An orc sorcerer (Orc:2)
  4 cyclopes
  10 ugly things
  A manticore (D:13)
  3 centaur zombies (D:12)
  Joseph (D:7)
  2 kobold demonologists (D:12)
  A gargoyle (D:14)
  3 centaur skeletons (D:14)
  An unseen horror zombie (D:10)
  A komodo dragon (D:10)
  2 redback zombies
  2 tengu conjurers
  7 trolls
  3 meliai (D:14)
  Prince Ribbit (D:8)
  2 shadows
  A flying skull (D:14)
  Sigmund (D:5)
  A ynoxinul (D:12)
  3 yaks (D:11)
  3 wraiths
  7 humans (D:14)
  2 steam dragons
  4 vampire mosquitoes
  Menkaure (D:4)
  Edmund (D:6)
  7 wargs
  An acid dragon (D:12)
  Duvessa (D:5)
  28 orc warriors
  2 ice beasts
  A black bear (D:6)
  4 ogres
  2 centaurs
  A phantom (D:5)
  A kobold brigand (D:9)
  3 necrophages
  2 bullfrogs
  5 scorpions
  21 killer bees
  9 howler monkeys
  Crazy Yiuf (D:3)
  A hound (D:6)
  21 orc priests
  Jessica (D:2)
  Natasha (thrice) (D:2)
  3 iguanas
  14 orc wizards
  A howler monkey zombie (D:10)
  4 adders
  3 gnolls
  A shadow imp (D:8)
  2 white imps
  An ufetubus (D:3)
  A worm (D:2)
  A dart slug (D:3)
  54 orcs
  6 ball pythons
  2 endoplasms
  5 giant cockroaches
  10 goblins
  9 hobgoblins
  3 jackals (D:5)
  25 kobolds
  4 quokkas
  5 bats
  2 frilled lizards
  5 rats
375 creatures vanquished.

Vanquished Creatures (collateral kills)
  Rupert (D:13)
  A boulder beetle (D:13)
  An efreet (D:13)
3 creatures vanquished.

Vanquished Creatures (others)
  A vault guard (D:14)
  2 tengu warriors (D:12)
  A skeletal warrior (D:14)
  Pikel (D:5)
  A cyclops (D:12)
  Maurice (D:9)
  A slime creature (D:12)
  A wraith (D:12)
  A basilisk (D:12)
  An orc warrior (Orc:2)
  An ogre (Orc:1)
  A bullfrog (D:10)
  A necrophage (D:7)
  A scorpion (D:10)
  Dowan (D:5)
  44 jellies
  3 orc priests (Orc:2)
  2 orc wizards
  2 gnolls (D:6)
  3 adders
  An ufetubus (D:5)
  A dart slug (D:3)
  7 orcs
  A bat (D:2)
  3 endoplasms
  A giant cockroach (D:3)
  2 goblins (D:4)
  A hobgoblin (D:3)
  A jackal (D:4)
  4 kobolds
  4 quokkas
  A ball python (D:4)
  15 fungi (D:10)
  48 plants
  8 withered plants (D:12)
168 creatures vanquished.

Grand Total: 546 creatures vanquished

Notes
Turn   | Place    | Note
-------+----------+-------------------------------------------
     0 | D:1      | Lanoc the Draconian Ice Elementalist began the quest for
                  | the Orb.
     0 | D:1      | Reached XP level 1. HP: 14/14 MP: 3/3
   253 | D:1      | Reached XP level 2. HP: 19/20 MP: 1/5
   912 | D:2      | Reached skill level 5 in Ice Magic
   991 | D:2      | Reached XP level 3. HP: 24/26 MP: 4/6
  1188 | D:2      | Found a faded altar of an unknown god.
  1211 | D:2      | Prayed at the altar of an unknown god.
  1211 | D:2      | Became a worshipper of Jiyva Jyvuczun the Shapeless
  1211 | D:2      | Reached * piety under Jiyva
  1232 | D:2      | Noticed Natasha
  1237 | D:2      | Killed Natasha
  1298 | D:2      | Noticed Jessica
  1305 | D:2      | Killed Jessica
  1306 | D:2      | Reached XP level 4. HP: 28/33 MP: 5/7
  1310 | D:2      | Learned a level 3 spell: Frozen Ramparts
  1419 | D:2      | Noticed Natasha
  1425 | D:2      | Killed Natasha
  1520 | D:2      | Noticed Natasha
  1526 | D:2      | Killed Natasha
  1527 | D:2      | Reached XP level 5. HP: 31/38 MP: 5/8
  1707 | D:3      | Identified the +1 war axe "Byteaw" {vorpal, rPois}
  1832 | D:3      | Found a broken altar of Ashenzari.
  1882 | D:3      | Reached ** piety under Jiyva
  2078 | D:3      | Found a runed translucent door.
  2079 | D:3      | Noticed Crazy Yiuf
  2322 | D:3      | Killed Crazy Yiuf
  2586 | D:4      | Reached XP level 6. HP: 45/45 MP: 9/9
  2588 | D:4      | Found a staircase to the Ecumenical Temple.
  2595 | D:4      | Noticed Menkaure
  2609 | D:4      | Killed Menkaure
  2663 | D:4      | Reached *** piety under Jiyva
  2826 | D:4      | Noticed a steam dragon
  2834 | D:4      | Killed a steam dragon
  2835 | D:4      | Your scales start taking on a dull iron-grey colour.
  2835 | D:4      | Reached XP level 7. HP: 12/50 MP: 6/10
  3271 | D:5      | Entered Level 5 of the Dungeon
  3349 | D:5      | Noticed Duvessa
  3349 | D:5      | Noticed Dowan
  3356 | D:5      | Reached skill level 10 in Ice Magic
  3358 | D:5      | Killed Duvessa
  3359 | D:5      | Reached XP level 8. HP: 51/57 MP: 11/11
  3373 | D:5      | Killed Dowan
  3395 | D:5      | Killed Pikel
  3549 | D:5      | Gained mutation: Your translucent skin slightly reduces
                  | your foes' accuracy. (Stealth+) [Jiyva's grace]
  3549 | D:5      | Gained mutation: Your translucent skin reduces your foes'
                  | accuracy. (Stealth+) [Jiyva's grace]
  3549 | D:5      | Gained mutation: Your transparent skin significantly
                  | reduces your foes' accuracy. (Stealth+) [Jiyva's grace]
  3549 | D:5      | Gained mutation: You are agile. (Dex +4, Str/Int -1)
                  | [Jiyva's grace]
  3599 | D:5      | Found a white marble altar of Elyvilon.
  3712 | D:5      | Noticed Sigmund
  3723 | D:5      | Killed Sigmund
  3838 | D:6      | Reached **** piety under Jiyva
  4032 | D:6      | Noticed Edmund
  4044 | D:6      | Killed Edmund
  4129 | D:6      | Found a shimmering blue altar of Sif Muna.
  4205 | D:6      | Got Sif Muna's Codex of the Tesseract
  4226 | D:6      | Reached ***** piety under Jiyva
  4335 | D:7      | Noticed Joseph
  4344 | D:7      | Killed Joseph
  4345 | D:7      | Reached XP level 9. HP: 45/62 MP: 12/12
  4377 | D:7      | Found a transporter.
  4845 | D:7      | Gained mutation: Armour fits poorly on your pseudopods.
                  | [Jiyva's grace]
  4845 | D:7      | Gained mutation: Armour fits poorly on your large
                  | pseudopods. [Jiyva's grace]
  4845 | D:7      | Gained mutation: Armour fits poorly on your massive
                  | pseudopods. [Jiyva's grace]
  4845 | D:7      | Gained mutation: You have a small jelly attached to you
                  | that may absorb projectiles. [Jiyva's grace]
  5238 | D:7      | Noticed Lanoc's ghost (novice TrFi)
  5242 | D:7      | Found a bloodstained altar of Trog.
  5255 | D:7      | Found a transporter.
  5359 | D:7      | Noticed a moth of wrath
  5539 | D:7      | Found a glowing silver altar of Zin.
  5616 | D:8      | Identified a scroll of acquirement
  5616 | D:8      | Acquired 525 gold pieces
  5638 | D:8      | Learned a level 3 spell: Ozocubu's Armour
  5643 | D:8      | Learned a level 4 spell: Summon Ice Beast
  5680 | D:8      | Found a flagged portal.
  5689 | Bailey   | Entered a bailey
  5975 | D:8      | Reached ****** piety under Jiyva
  6273 | D:8      | Noticed Prince Ribbit
  6278 | D:8      | Killed Prince Ribbit
  6294 | D:8      | Found a shimmering altar of Xom.
  6577 | D:9      | Noticed Maurice
  6578 | D:9      | Reached XP level 10. HP: 64/69 MP: 11/13
  6596 | D:9      | Killed Maurice
  6597 | D:9      | Reached skill level 15 in Ice Magic
  6613 | D:9      | Lost mutation: Your transparent skin significantly reduces
                  | your foes' accuracy. (Stealth+) [Jiyva's grace]
  6613 | D:9      | Lost mutation: Your translucent skin reduces your foes'
                  | accuracy. (Stealth+) [Jiyva's grace]
  6613 | D:9      | Gained mutation: You have acidic saliva. [Jiyva's grace]
  6613 | D:9      | Gained mutation: Your tail ends in a venomous barb.
                  | [Jiyva's grace]
  6613 | D:9      | Gained mutation: Your tail ends in a sharp venomous barb.
                  | [Jiyva's grace]
  6613 | D:9      | Gained mutation: Your tail ends in a wickedly sharp and
                  | venomous barb. [Jiyva's grace]
  6727 | D:9      | Found an ornate altar of the Wu Jian Council.
  6776 | D:9      | Noticed an eight-headed hydra
  6777 | D:9      | Noticed a brown ugly thing
  6778 | D:9      | Noticed a wizard
  6785 | D:9      | Killed an eight-headed hydra
  6787 | D:9      | Killed a wizard
  6795 | D:9      | Killed a brown ugly thing
  6846 | D:9      | Reached skill level 5 in Fighting
  6876 | D:9      | Found a hazy altar of Hepliaklqana.
  7059 | D:9      | Found Zeuja's Magic Scroll Shoppe.
  7183 | D:9      | Noticed a cyclops
  7188 | D:9      | Killed a cyclops
  7189 | D:9      | Reached skill level 5 in Dodging
  7343 | D:10     | Entered Level 10 of the Dungeon
  7348 | D:10     | Noticed a white ugly thing
  7358 | D:10     | Killed a brown ugly thing
  7483 | D:10     | Reached XP level 11. HP: 83/90 MP: 14/14
  7524 | D:10     | Noticed a tengu warrior
  7530 | D:10     | Killed a tengu warrior
  7615 | D:10     | Noticed Fannar
  7630 | D:10     | Killed Fannar
  7667 | D:10     | Noticed a two-headed ogre
  7673 | D:10     | Killed a two-headed ogre
  7685 | D:10     | Found a staircase to the Lair.
  7790 | D:10     | Found a basalt altar of Yredelemnul.
  7898 | D:10     | Noticed a two-headed ogre
  7911 | D:10     | Killed a two-headed ogre
  8540 | D:11     | Noticed a two-headed ogre
  8549 | D:11     | Killed a two-headed ogre
  8822 | D:11     | Found a staircase to the Orcish Mines.
  8837 | D:11     | Gained mutation: You expend magic power (3 MP) to
                  | strengthen your wands. [Jiyva's grace]
  8837 | D:11     | Gained mutation: Your translucent skin reduces your foes'
                  | accuracy. (Stealth+) [Jiyva's grace]
  8837 | D:11     | Gained mutation: Your transparent skin significantly
                  | reduces your foes' accuracy. (Stealth+) [Jiyva's grace]
  8837 | D:11     | Gained mutation: You have sharp toenails. [Jiyva's grace]
  9071 | D:12     | Killed a tengu warrior
  9083 | D:12     | Killed a tengu warrior
  9155 | D:12     | Found a runed translucent door.
  9171 | D:12     | Noticed Lanoc's ghost (journeyman OpTm)
  9217 | D:12     | Noticed a deep elf pyromancer
  9222 | D:12     | Killed a deep elf pyromancer
  9428 | D:12     | Reached skill level 10 in Fighting
  9432 | D:12     | Reached XP level 12. HP: 106/106 MP: 15/15
  9528 | D:12     | Found a sparkling altar of Nemelex Xobeh.
  9778 | D:12     | Killed Lanoc's ghost
  9792 | D:12     | Got Lee's Compendium of the Caves
  9845 | D:13     | Noticed a seven-headed hydra
  9857 | D:13     | Noticed a boulder beetle
  9858 | D:13     | Killed a seven-headed hydra
  9887 | D:13     | Killed a boulder beetle
  9891 | D:13     | Noticed a two-headed ogre
  9896 | D:13     | Killed a two-headed ogre
  9969 | D:13     | Noticed a shambling mangrove
 10010 | D:13     | Noticed a boulder beetle
 10019 | D:13     | Noticed Rupert
 10044 | D:14     | Acquired the amulet "Itinuz" {Spirit rF- rC+ Slay+2}
 10107 | D:14     | Reached skill level 10 in Dodging
 10123 | D:14     | Killed a vault guard
 10173 | D:14     | Noticed a centaur warrior
 10192 | D:14     | Killed a centaur warrior
 10363 | D:14     | Found the +7 great mace "Firestarter" {inner flame, rF++}
 10418 | D:14     | Noticed a tengu warrior
 10431 | D:14     | Killed a tengu warrior
 10445 | D:14     | Noticed a vault guard
 10445 | D:14     | Noticed a vault guard
 10445 | D:14     | Noticed a vault guard
 10455 | D:14     | Noticed a vault guard
 10463 | D:14     | Killed a vault guard
 10463 | D:14     | Killed a vault guard
 10465 | D:14     | Killed a vault guard
 10466 | D:14     | Reached XP level 13. HP: 73/119 MP: 10/16
 10489 | D:14     | Found a gate to the Vaults.
 10763 | D:14     | Noticed an eidolon
 10768 | D:14     | Noticed a jiangshi
 10841 | D:14     | Noticed an eidolon
 10883 | D:13     | Paralysed by Rupert for 5 turns
 10895 | D:13     | Killed Rupert
 11045 | D:13     | Lost mutation: Your tail ends in a wickedly sharp and
                  | venomous barb. [Jiyva's grace]
 11045 | D:13     | Lost mutation: You have sharp toenails. [Jiyva's grace]
 11045 | D:13     | Lost mutation: Your transparent skin significantly reduces
                  | your foes' accuracy. (Stealth+) [Jiyva's grace]
 11045 | D:13     | Lost mutation: Your translucent skin reduces your foes'
                  | accuracy. (Stealth+) [Jiyva's grace]
 11045 | D:13     | Gained mutation: Your muscles are strong. (Str +4, Int/Dex
                  | -1) [Jiyva's grace]
 11045 | D:13     | Gained mutation: Your muscles are very strong. (Str +8,
                  | Int/Dex -2) [Jiyva's grace]
 11045 | D:13     | Gained mutation: You have supernaturally acute eyesight.
                  | (SInv) [Jiyva's grace]
 11045 | D:13     | Gained mutation: You are somewhat resistant to further
                  | mutation. [Jiyva's grace]
 11180 | D:13     | Found the +1 robe of Vines {NoPotionHeal Regen++++}
 11451 | Orc:1    | Entered Level 1 of the Orcish Mines
 11590 | Orc:1    | Found Zith's Distillery.
 11601 | Orc:1    | Bought a potion of lignification for 48 gold pieces
 11601 | Orc:1    | Bought a potion of curing for 48 gold pieces
 11601 | Orc:1    | Bought a potion of curing for 48 gold pieces
 11601 | Orc:1    | Bought a potion of curing for 48 gold pieces
 11601 | Orc:1    | Bought a potion of lignification for 48 gold pieces
 11601 | Orc:1    | Bought a potion of might for 64 gold pieces
 11994 | Orc:2    | Entered Level 2 of the Orcish Mines
 11994 | Orc:2    | Found a staircase to the Elven Halls.
 12084 | Orc:2    | Reached skill level 15 in Fighting
 12123 | Orc:2    | Noticed an orc warlord
 12223 | Orc:2    | Demolished by an orc warlord

Illustrated notes

Levels and vault maps discovered:
D:1:      amcnicky_arrival_double_pillar, layout_loops_ring
D:2:      minmay_evil_eye, layout_loops_ring,
          hellmonk_ecumenical_altar_arch_garden, minmay_split_cup_small,
          uniq_natasha, uniq_jessica
D:3:      layout_loops_cross, ashenzari_altar_1, st_stairs_2,
          uniq_crazy_yiuf_cottage
D:4:      minmay_general_purpose_star, layout_basic, minmay_temple_entry_trees,
          serial_bayou_lake_a, uniq_menkaure
D:5:      layout_cave_pools, mainiacjoe_overflow_24_doors,
          nicolae_elevator_lobby_asterisk, uniq_pikel, uniq_sigmund,
          uniq_duvessa
D:6:      layout_cave_pools, led_sif_book, uniq_edmund
D:7:      layout_layer_cave, zin_scriptorium, gammafunk_ghost_wrathful_warriors,
          uniq_joseph
D:8:      layout_basic, mainiacjoe_overflow_alcove_2, enter_bailey_3,
          lemuel_flamethrower_1, uniq_prince_ribbit1
D:9:      minmay_bloctagon_deflated, layout_loops_ring,
          nzn_hepliaklqana_mist_gate, nzn_wu_jian_council_hall, serial_shops,
          shop_fountains, uniq_maurice
D:10:     layout_loops_ring, lemuel_zombie_altar_yredelemnul,
          grunt_lair_entry_orc_guard_hut, uniq_fannar
D:11:     layout_basic, orc_0_dummy
D:12:     layout_roguey, serial_undead, serial_undead_b, serial_undead_b,
          serial_undead_c, serial_undead_d, hellmonk_ghost_big_iron,
          kennysheep_nub, nemelex_lonely_heart_becter
D:13:     layout_cave_pools, hellmonk_guarded_unrand_vines, uniq_rupert
D:14:     hangedman_screamer, layout_irregular_city, ximxim_vaults_locker_room
Orc:1:    cheibrodos_orc_guarddog, layout_caves, serial_shops,
          nicolae_lakefront_shop
Orc:2:    st_orc_pillars, layout_caves, lemuel_statue_altar

Skill      XL: |  1  2  3  4  5  6  7  8  9 10 11 12 13 |
---------------+----------------------------------------+-----
Ice Magic      | 5 6 7 8 10 12 14 15 | 15.1
Dodging        | 5 8 11 13 | 13.0
Fighting       | 6 10 12 15 | 15.0
Stealth        | |  1.7
Spellcasting   | |  2.0

Action                   |  1- 3 |  4- 6 |  7- 9 | 10-12 | 13-15 || total
-------------------------+-------+-------+-------+-------+-------++-------
Melee: Unarmed           |    32 |    11 |       |       |       ||    43
       Tailslap          |     1 |     7 |    14 |    53 |    53 ||   128
       War axe           |       |    17 |       |       |       ||    17
       Quarterstaff      |       |    23 |   158 |   236 |   235 ||   652
       Pseudopods        |       |       |     4 |    83 |    67 ||   154
       Bite              |       |       |       |    48 |    33 ||    81
       Staff             |       |       |       |    34 |       ||    34
 Cast: Freeze            |    43 |     8 |     1 |    12 |     3 ||    67
       Frozen Ramparts   |       |    14 |    34 |    48 |    38 ||   134
       Ozocubu's Armour  |       |       |       |    21 |    18 ||    39
Evoke: Wand              |       |       |     1 |       |       ||     1
  Use: Potion            |       |     1 |       |       |     1 ||     2
       Scroll            |       |       |    14 |     1 |     4 ||    19
 Stab: Sleeping          |       |     1 |     2 |     4 |       ||     7
       Confused          |       |       |     1 |       |       ||     1
       Paralysed         |       |       |     1 |       |       ||     1
Armor: Skin              |    16 |    20 |    69 |   194 |   146 ||   445
Dodge: Dodged            |    50 |    54 |   148 |   318 |   396 ||   966

Table legend: (Time is in decaauts)
 A = Elapsed time spent in this place.
 B = Non-inter-level travel time spent in this place.
 C = Inter-level travel time spent in this place.
 D = Time resting spent in this place.
 E = Time spent auto-exploring this place.
 F = Levels seen in this place.
 G = Mean time per level.
                   A        B        C        D        E       F      G
               +--------+--------+--------+--------+--------+-----+--------+
         Total |  12422 |  11881 |    541 |      3 |   9363 |  17 |  730.7 |
       Dungeon |  11380 |  10893 |    487 |      0 |   8790 |  14 |  812.9 |
  Orcish Mines |    810 |    756 |     54 |      3 |    447 |   2 |  405.0 |
        Bailey |    231 |    231 |      0 |      0 |    126 |   1 |  231.0 |
               +--------+--------+--------+--------+--------+-----+--------+

Top non-repeatable levels by time:
     D:7: 1277 daAuts
    D:11: 915 daAuts
     D:1: 902 daAuts
     D:4: 894 daAuts
    D:14: 876 daAuts
    D:10: 876 daAuts
     D:9: 798 daAuts
     D:2: 794 daAuts
    D:12: 794 daAuts
    D:13: 749 daAuts
     D:8: 734 daAuts
     D:3: 682 daAuts
   Orc:1: 587 daAuts
     D:5: 577 daAuts
     D:6: 507 daAuts
